AoeStats
← 阿酷丶

Nomad

510266678Analyzed
4v4 RM · 21h ago on Sep 30, 2026· 46m 20s· 8 players
Game mode
Random Map
Map size
231×231
Population
200
Speed
Normal
Resources
Standard
Victory
Conquest
Starting age
Dark Age
Ending age
Imperial Age
RankedLock teamsTeams togetherTeam positionsShared explorationLock speedFull tech treeHidden civsTurbo modeCheats
Victory
Defeat
🇩🇪 Tatars · Germany
1258
+15
🇲🇽 Danes · Mexico
1193
+18
🇲🇽 Varangians · Mexico
1100
+23
🇦🇺 Franks · Australia
1081
+22
🇨🇳 Vietnamese · China
1267
-21
🇨🇳 Japanese · China
1256
-20
🇺🇸 Malians · United States
1214
-19
🇨🇳 Franks · China
1189
-18
sakuzi
6:35 Loom
15:02 Feudal Age
18:33 Double-Bit Axe
18:31 Horse Collar
21:58 Fletching
24:43 Castle Age
24:19 Fishing Lines
25:34 Forging
25:25 Scale Mail Armor
26:37 Gillnets
26:24 Crossbowman
26:38 Pikeman
27:19 Squires
28:03 Bow Saw
29:56 Bodkin Arrow
30:38 Iron Casting
30:04 Scale Mail Armor
32:33 Ballistics
32:22 Thumb Ring
32:20 Padded Archer Armor
42:23 Elite Skirmisher
阿酷丶
5:20 Loom
16:09 Feudal Age
22:08 Castle Age
22:14 Scale Mail Armor
32:03 Double-Bit Axe
36:11 Wheelbarrow
35:47 Scale Barding Armor
36:23 Forging
38:52 Husbandry
人在江湖
2:59 Loom
13:17 Feudal Age
13:52 Double-Bit Axe
14:11 Fishing Lines
20:35 Castle Age
18:51 Gold Mining
19:18 Stone Mining
23:29 Bow Saw
23:22 Horse Collar
25:50 Gillnets
26:21 Heavy Plow
28:46 Wheelbarrow
34:29 Imperial Age
32:48 Squires
33:39 Yasama
34:01 Ballistics
33:25 Treadmill Crane
34:35 Guard Tower
34:55 Pikeman
36:19 Conscription
37:09 Chemistry
37:15 Conscription
37:27 Hand Cart
37:24 Scale Mail Armor
37:34 Forging
37:18 Halberdier
37:58 Arrowslits
39:24 Chain Mail Armor
39:01 Fletching
39:46 Bodkin Arrow
40:49 Keep
40:47 Arson
41:43 Plate Mail Armor
41:14 Bracer
42:53 Iron Casting
42:10 Town Watch
42:04 Elite Samurai
45:22 Blast Furnace
45:25 Murder Holes
45:43 Masonry
卢华
5:39 Loom
15:27 Feudal Age
17:07 Double-Bit Axe
20:20 Castle Age
20:21 Horse Collar
20:58 Fletching
21:08 Padded Archer Armor
22:09 Bow Saw
ODIN
6:47 Loom
16:35 Feudal Age
18:47 Double-Bit Axe
24:20 Castle Age
22:56 Fletching
31:05 Forging
32:42 Fishing Lines
34:01 Gillnets
34:13 Scale Mail Armor
35:07 Squires
34:53 Gambesons
35:54 Arson
38:30 Iron Casting
38:07 Bow Saw
42:06 Imperial Age
40:13 Chain Mail Armor
42:09 Capped Ram
43:14 Conscription
44:05 Blast Furnace
45:07 Elite Varangian Guard
45:36 Hamask
46:35 Gold Mining
kama.Kroxa
5:08 Loom
13:35 Feudal Age
18:35 Castle Age
18:43 Scale Barding Armor
19:29 Bloodlines
20:29 Forging
23:20 Iron Casting
28:23 Chain Barding Armor
29:54 Wheelbarrow
31:21 Horse Collar
31:57 Double-Bit Axe
34:46 Heavy Plow
35:00 Bow Saw
41:01 Imperial Age
38:50 Hand Cart
41:17 Elite Jarl
42:36 Plate Barding Armor
43:02 Blast Furnace
42:25 Conscription
venOm
10:35 Loom
13:05 Feudal Age
20:23 Castle Age
19:02 Double-Bit Axe
19:08 Gold Mining
20:40 Horse Collar
22:14 Bow Saw
30:37 Wheelbarrow
30:14 Heavy Plow
32:06 Gold Shaft Mining
31:21 Stone Mining
32:04 Hand Cart
32:44 Stone Mining
33:59 Fletching
37:48 Imperial Age
36:03 Bodkin Arrow
36:33 Ballistics
36:45 Bloodlines
37:12 Silk Armor
37:14 Padded Archer Armor
37:26 Husbandry
38:29 Bracer
40:09 Chemistry
41:37 Timurid Siegecraft
41:06 Heavy Cavalry Archer
42:03 Leather Archer Armor
43:07 Conscription
45:48 Ring Archer Armor
BrazilianBad
5:41 Loom
16:07 Feudal Age
18:23 Town Watch
21:04 Castle Age
20:12 Double-Bit Axe
21:27 Wheelbarrow
20:47 Gold Mining
21:51 Forging
21:48 Scale Barding Armor
22:09 Squires
22:31 Scale Mail Armor
24:12 Husbandry
30:49 Town Patrol
35:17 Imperial Age
36:26 Cavalier
38:31 Hand Cart
38:26 Fletching
43:14 Bow Saw
Connection lost

Rejoining the realm…

Still unreachable

The connection could not be restored.

Session expired

The server has moved on; the page needs a fresh start.